 Dungeon Crawl Stone Soup version 0.28.0-43-g3370ac3207 (webtiles) character file.

Game seed: 8760931019349401020

454 pkoi the Chiller (level 7, -2/44 HPs)
             Began as an Octopode Ice Elementalist on Mar 22, 2022.
             Slain by a phantom (8 damage)
             ... on level 4 of the Dungeon.
             The game lasted 00:06:30 (5847 turns).

pkoi the Chiller (Octopode Ice Elementalist)        Turns: 5847, Time: 00:06:30

Health: -2/44      AC:  1    Str:  5 (7)  XL:     7   Next: 5%
Magic:  2/10       EV: 13    Int: 18 (19) God:
Gold:   215        SH:  0    Dex: 10 (13) Spells: 3/10 levels left

rFire   + . .      SeeInvis +   e - +2 dagger (protect)
rCold   + . .      Faith    .   (no shield)
rNeg    . . .      Spirit   .   (helmet restricted)
rPois   +          Reflect  .   (no amulet)
rElec   +          Harm     .   j - ring of see invisible
rCorr   +          Rampage  .   (no ring)
Will    .....                   (no ring)
Stlth   +++.......              (no ring)
HPRegen 0.14/turn               (no ring)
MPRegen 0.12/turn               (no ring)
                                (no ring)
                                (no ring)

@: resistant, flying
A: almost no armour, amphibious, 8 rings, camouflage 1, gelatinous body 1,
(nimble swimmer 1), tentacles
a: no special abilities


You were on level 4 of the Dungeon.
You visited 1 branch of the dungeon, and saw 4 of its levels.

You collected 215 gold pieces.

Inventory:

Hand Weapons
 c - a +0 whip
 e - a +2 dagger of protection (weapon)
Missiles
 a - 4 poisoned darts
Jewellery
 b - an amulet of guardian spirit
 j - a ring of see invisible (left tentacle)
Potions
 f - a potion of resistance
 g - 2 potions of flight
 h - a potion of curing


   Skills:
 + Level 1.6 Fighting
 + Level 1.4 Short Blades
 + Level 2.7 Dodging
 + Level 3.7 Stealth
 - Level 2.0 Spellcasting
 * Level 7.2 Ice Magic


You had 3 spell levels left.
You knew the following spells:

 Your Spells              Type           Power      Damage    Failure   Level
a - Freeze                Ice            100%       1d11      1%          1
b - Frozen Ramparts       Ice            54%        1d7       2%          3
c - Ozocubu's Armour      Ice            27%        N/A       2%          3

Your spell library contained the following spells:

 Spells                   Type           Power      Damage    Failure   Level
 Gell's Gravitas          Tloc           1%         N/A       47%         3
 Summon Guardian Golem    Hex/Summ       1%         N/A       47%         3
 Teleport Other           Tloc           1%         N/A       47%         3
 Hailstorm                Conj/Ice       14%        3d5       38%         4
 Dispersal                Tloc           0%         N/A       100%        6
 Orb of Destruction       Conj           0%         9d5       100%        7
 Spellforged Servitor     Conj/Summ      0%         N/A       100%        7


Dungeon Overview and Level Annotations

Branches:
Dungeon (4/15)
 Temple: D:4-7

Altars:


Innate Abilities, Weirdness & Mutations

You cannot wear most types of armour.
You are amphibious.
You can wear up to eight rings at the same time.
Your skin changes colour to match your surroundings (Stealth+).
Your rubbery body absorbs attacks. (AC +1, EV +1)
((You are camouflaged when in or above water. (Stealth+)))
You have tentacles for arms and can constrict up to eight enemies at once.


Message History

The phantom completely resists.
The wall freezes the phantom but does no damage.
The phantom hits you.
* * * LOW HITPOINT WARNING * * *
The phantom blinks!
You blink.
Your icy armour cracks and falls away as you move.
The frozen ramparts melt away as you move.
Unknown command.
You closely miss the phantom. Your squeeze misses the phantom.
The phantom is moderately damaged.
The phantom hits you but does no damage.
Unknown command.
You barely miss the phantom.
The phantom is moderately damaged.
The phantom barely misses you.
Unknown command.
The phantom barely misses you.
There is an open door, spattered with blood here.
You see here a +0 giant club.
Okay, then.
Unknown command.
Unknown command.
As you read the scroll labelled ODUOMI TEJAO, it crumbles to dust.
You feel aware of your surroundings.
It was a scroll of magic mapping.
The phantom closely misses you.
It was a potion of degeneration.
There was something very wrong with that liquid.
You feel weakened.
You feel dopey.
You feel clumsy. The phantom hits you.
* * * LOW HITPOINT WARNING * * *
The phantom blinks!
You blink.
It was a potion of resistance.
You feel protected. The phantom hits you.
* * * LOW HITPOINT WARNING * * *
The phantom blinks!
You blink.
It was a potion of flight.
You feel very buoyant.
You fly up into the air.
The phantom hits you!
You die...

#.#§≈≈.≈≈§#
#.####)####
#..##..#
##.##§##
#.##.#
#.##.#
#.##.#
#.#..#
#@#§##
#W..# #####


You could see a phantom.

Vanquished Creatures
  A necrophage (D:3)
  An ogre (D:4)
  A water moccasin skeleton (D:4)
  Natasha (D:4)
  An iguana (D:3)
  5 gnolls
  7 adders
  A worm (D:2)
  2 dart slugs
  7 orcs
  4 bats
  10 endoplasms
  2 giant cockroaches
  6 goblins
  8 hobgoblins
  6 jackals (D:2)
  A quokka (D:1)
  2 ball pythons
  2 frilled lizards (D:2)
  4 kobolds
  2 rats
74 creatures vanquished.

Notes
Turn   | Place    | Note
-------+----------+-------------------------------------------
     0 | D:1      | pkoi the Octopode Ice Elementalist began the quest for the
                  | Orb.
     0 | D:1      | Reached XP level 1. HP: 11/11 MP: 3/3
   541 | D:1      | Reached XP level 2. HP: 9/17 MP: 3/5
  1198 | D:1      | Found a faded altar of an unknown god.
  1411 | D:1      | Reached skill level 5 in Ice Magic
  1411 | D:1      | Reached XP level 3. HP: 21/21 MP: 3/6
  1664 | D:2      | Learned a level 3 spell: Frozen Ramparts
  2974 | D:2      | Reached XP level 4. HP: 27/27 MP: 4/7
  3425 | D:3      | Noticed a necrophage
  3436 | D:3      | Killed a necrophage
  3437 | D:3      | Reached skill level 6 in Ice Magic
  3437 | D:3      | Reached XP level 5. HP: 25/31 MP: 4/8
  3897 | D:3      | Learned a level 3 spell: Ozocubu's Armour
  4779 | D:4      | Noticed a black bear
  4847 | D:4      | Reached XP level 6. HP: 36/37 MP: 5/9
  5379 | D:4      | Reached skill level 1 in Fighting
  5558 | D:4      | Reached skill level 1 in Short Blades
  5674 | D:4      | Reached skill level 7 in Ice Magic
  5694 | D:4      | Noticed Natasha
  5700 | D:4      | Killed Natasha
  5833 | D:4      | Reached XP level 7. HP: 15/44 MP: 3/10
  5847 | D:4      | Slain by a phantom

Illustrated notes

Levels and vault maps discovered:
D:1:      lightli_arrival_maybe_door_vault, layout_basic,
          chequers_ecumenical_altar_lobes, nicolae_grassy_gnolls
D:2:      layout_loops_ring
D:3:      layout_loops_ring, dk_vineyard_1, uniq_crazy_yiuf_cottage
D:4:      layout_layer_cave, kennysheep_small_square, uniq_natasha

Skill      XL: |  1  2  3  4  5  6 |
---------------+-------------------+-----
Ice Magic      | 5 6 7 |  7.2
Stealth        | 3 |  3.7
Fighting       | 1 |  1.6
Short Blades   | 1 |  1.4
Dodging        | |  2.7
Spellcasting   | |  2.0

Action                   |  1- 3 |  4- 6 |  7- 9 || total
-------------------------+-------+-------+-------++-------
Melee: Unarmed           |     3 |       |       ||     3
       Whip              |    10 |     2 |       ||    12
       Constrict         |     2 |    11 |       ||    13
       Dagger            |       |    56 |     3 ||    59
       Tentacles         |       |    14 |     1 ||    15
 Cast: Freeze            |    44 |     7 |       ||    51
       Frozen Ramparts   |     1 |    15 |     1 ||    17
       Ozocubu's Armour  |       |     2 |       ||     2
  Use: Scroll            |       |     4 |     1 ||     5
       Potion            |       |       |     3 ||     3
 Stab: Sleeping          |       |     7 |       ||     7
Armor: Skin              |     4 |    12 |     2 ||    18
Dodge: Dodged            |    22 |    39 |     3 ||    64
